 Dungeon Sprint DCSS version 0.21.1-1-g345015f (webtiles) character file.

756 wilfster70 the Fighter (level 7, -1/52 HPs)
             Began as a Gargoyle Monk on May 24, 2018.
             Was the Champion of Cheibriados.
             Slain by a crocodile (3 damage)
             ... in the Dungeon (Sprint V: "Ziggurat Sprint").
             The game lasted 00:05:23 (706 turns).

wilfster70 the Fighter (Gargoyle Monk)               Turns: 706, Time: 00:05:24

Health: -1/52      AC: 26    Str: 31    XL:     7   Next: 79%
Magic:  13/16      EV: 12    Int: 38    God:    Cheibriados [******]
Gold:   0          SH:  0    Dex: 27    Spells: 6/6 levels left

rFire    + + +     SeeInvis +   E - +7 great mace "Firestarter" {inner flame, rF++}
rCold    + . .     Gourm    +   (shield currently unavailable)
rNeg     + . .     Faith    .   B - +5 gold dragon scales
rPois    ∞         Spirit   .   (no helmet)
rElec    +         Reflect  .   (no cloak)
rCorr    .         Harm     .   (no gloves)
MR       .....     NoTele   +   (no boots)
Stlth    ..........             f - amulet of Focem {Gourm MP+9 SInv}
HPRegen  0.17/turn              y - +6 ring of intelligence
MPRegen  0.15/turn              x - +6 ring of intelligence

@: very slow
A: negative energy resistance 1, electricity resistance, unbreathing,
petrification resistance, rot immunity, AC +4
a: Bend Time, Temporal Distortion, Slouch, Step From Time, Renounce Religion


You were in the Dungeon.
You worshipped Cheibriados.
Cheibriados was exalted by your worship.
You were not hungry.

You visited 1 branch

Inventory:

Hand Weapons
 a - a +0 mace
 E - the +7 great mace "Firestarter" (weapon) {inner flame, rF++}
   (You found it in the Dungeon)

   It has been specially enchanted to burn those struck by it, causing extra
   injury to most foes and up to half again as much damage against particularly
   susceptible opponents.
   It greatly protects you from fire.
Armour
 B - +5 gold dragon scales (worn)
Jewellery
 f - the amulet of Focem (around neck) {Gourm MP+9 SInv}
   (You found it in the Dungeon)

   [amulet of the gourmand]

   It allows you to eat raw meat even when not hungry.
   It affects your magic capacity (+9).
   It lets you see invisible.
 x - a +6 ring of intelligence (right hand)
 y - a +6 ring of intelligence (left hand)
 z - a +6 ring of strength
 A - a +6 ring of strength
Wands
 b - a wand of disintegration (7)
 C - a wand of iceblast (7)
 D - a wand of acid (7)
Scrolls
 i - 4 scrolls of blinking
 p - 4 scrolls of amnesia
 q - 7 scrolls of fog
 r - a scroll of holy word
 s - 5 scrolls of identify
 t - 5 scrolls of remove curse
 u - 2 scrolls of fear
 G - a scroll of brand weapon
Potions
 d - 10 potions of curing
 e - 12 potions of heal wounds
 g - 7 potions of magic
 j - 2 potions of brilliance
 k - 2 potions of invisibility
 l - 4 potions of resistance
 m - a potion of experience
 n - 5 potions of agility
 o - 5 potions of might
Miscellaneous
 v - a box of beasts
 w - a fan of gales
Comestibles
 c - 7 rations


   Skills:
 + Level 9.6 Fighting
 * Level 8.9 Maces & Flails
 - Level 9.0 Armour
 - Level 7.4 Dodging
 - Level 2.1 Stealth
 + Level 0.0 Invocations


You had 6 spell levels left.
You didn't know any spells.

Dungeon Overview and Level Annotations

Branches:
Dungeon (1/1)

Altars:
Ashenzari
Cheibriados
Dithmenos
Elyvilon
Fedhas
Gozag
Hepliaklqana
Kikubaaqudgha
Makhleb
Nemelex Xobeh
Okawaru
Qazlal
Ru
Sif Muna
Trog
Uskayaw
Vehumet
Wu Jian
Xom
Yredelemnul
Zin
The Shining One
Beogh
Jiyva
Lugonu

Annotations:
D 1 transporter


Innate Abilities, Weirdness & Mutations

You are resistant to torment.
Your stone body is resilient. (AC +4)
You are immune to poison.
You resist negative energy. (rN+)
You are resistant to electric shocks. (rElec)
You can survive without breathing.
You are immune to petrification.
You are immune to rotting.


Message History

The six-headed hydra closely misses you.
The flow of time bends around you.
The crocodile resists with some effort.
Cheibriados rebukes the river rat.
The river rat seems to slow down.
The yak resists with some effort.
The komodo dragon resists with some effort.
The six-headed hydra easily resists.
You feel slightly more hungry. The crocodile bites you.
* * * LOW HITPOINT WARNING * * *
The yak gores you but does no damage. The komodo dragon bites you!
* * * LOW HITPOINT WARNING * * *
The six-headed hydra barely misses you.
The six-headed hydra bites you but does no damage.
The six-headed hydra closely misses you.
The six-headed hydra bites you.
* * * LOW HITPOINT WARNING * * *
The six-headed hydra bites you but does no damage. x2
You barely miss the six-headed hydra.
The six-headed hydra is severely wounded.
The crocodile bites you.
You die...

▓▓▓▓▓▓▓▓▓
▓..8©8..▓
▓..)|)..▓
▓..)::..▓
▓.......▓
▓.......▓
▓..F....▓
▓.tDl...▓
▓..@Y...▓
▓...r...▓
▓▓▓▓▓▓▓▓▓


You could see a six-headed hydra, a komodo dragon, a yak, a crocodile, a
bullfrog and a river rat.

Vanquished Creatures
  2 air elementals (D)
  A hell hound (D)
  A porcupine (D)
  A wolf (D)
  2 wights (D)
  A quasit (D)
  A river rat (D)
  3 white imps (D)
  An ufetubus (D)
  An adder simulacrum (D)
  A bat simulacrum (D)
  A bat skeleton (D)
  A bat zombie (D)
  2 jackals (D)
  A giant cockroach zombie (D)
  A leopard gecko skeleton (D)
  A leopard gecko zombie (D)
22 creatures vanquished.

Vanquished Creatures (others)
  2 insubstantial wisps (D)
2 creatures vanquished.

Grand Total: 24 creatures vanquished

Notes
Turn   | Place    | Note
-------+----------+-------------------------------------------
     0 | D        | Found the +6 Majin-Bo {vamp, Archmagi MP+6 Int+6}
     0 | D        | Found the +7 great mace "Firestarter" {inner flame, rF++}
     0 | D        | wilfster70 the Gargoyle Monk began the quest for the Orb.
     0 | D        | Reached XP level 1. HP: 14/14 MP: 1/1
     0 | D        | Found a deep blue altar of Sif Muna.
     0 | D        | Found a bloodstained altar of Trog.
     0 | D        | Found a sacrificial altar of Ru.
     0 | D        | Found a stormy altar of Qazlal.
     0 | D        | Found an iron altar of Okawaru.
     1 | D        | Found a sparkling altar of Nemelex Xobeh.
     1 | D        | Found a blossoming altar of Fedhas.
     3 | D        | Found a transporter.
     3 | D        | Found an ancient bone altar of Kikubaaqudgha.
     3 | D        | Found a viscous altar of Jiyva.
     3 | D        | Found a corrupted altar of Lugonu.
     3 | D        | Found a hazy altar of Hepliaklqana.
     3 | D        | Found a burning altar of Makhleb.
     3 | D        | Found an opulent altar of Gozag.
    52 | D        | Found the +6 shillelagh "Devastator" {shatter}
    52 | D        | Found the +11 plutonium sword {*Contam Stlth-}
    52 | D        | Found the +8 lance "Wyrmbane" {slay drac, rPois rF+ rC+ AC+3}
    52 | D        | Found the +9 sword of Zonguldrok {reap}
    52 | D        | Found the cursed +13 scythe of Curses {drain, *Curse}
    52 | D        | Found the +0 sword of Power
    52 | D        | Found the +11 mace of Variability {chaos}
    52 | D        | Found the +7 Singing Sword
    52 | D        | Found the +7 longbow "Piercer" {penet, EV-2}
    53 | D        | Found the +9 heavy crossbow "Sniper" {velocity, Acc+∞ SInv}
    53 | D        | Found the +10 dark maul {crush}
    53 | D        | Found the +15 Maxwell's patent armour {-Cast -Tele rElec MR+ rCorr}
    53 | D        | Found the +18 shield of the Gong {rElec rN+ MR+ EV-5}
    53 | D        | Found the cursed +14 obsidian axe {chop, +Fly SInv *Curse}
    80 | D        | Became a worshipper of Cheibriados the Contemplative
    80 | D        | Reached * piety under Cheibriados
    80 | D        | Reached ** piety under Cheibriados
    97 | D        | Entered arena 2.
    97 | D        | Noticed a hell hound
    97 | D        | Found a transporter.
   101 | D        | Killed a hell hound
   101 | D        | Reached *** piety under Cheibriados
   101 | D        | Reached skill level 5 in Fighting
   101 | D        | Reached skill level 5 in Maces & Flails
   101 | D        | Reached XP level 2. HP: 5/22 MP: 2/2
   101 | D        | Reached XP level 3. HP: 6/27 MP: 3/3
   101 | D        | Reached XP level 4. HP: 7/32 MP: 4/4
   348 | D        | Got the amulet of Focem {Gourm MP+9 SInv}
   423 | D        | Entered arena 3.
   423 | D        | Found a transporter.
   431 | D        | Reached XP level 5. HP: 29/36 MP: 5/5
   484 | D        | Entered arena 4.
   484 | D        | Found a transporter.
   486 | D        | Reached **** piety under Cheibriados
   486 | D        | Reached skill level 5 in Armour
   494 | D        | Reached skill level 5 in Dodging
   494 | D        | Reached ***** piety under Cheibriados
   574 | D        | Entered arena 5.
   574 | D        | Noticed an air elemental
   574 | D        | Noticed an insubstantial wisp
   574 | D        | Noticed an air elemental
   574 | D        | Noticed an insubstantial wisp
   574 | D        | Found a transporter.
   575 | D        | Killed an insubstantial wisp
   575 | D        | Killed an insubstantial wisp
   576 | D        | Killed an air elemental
   576 | D        | Reached XP level 6. HP: 41/44 MP: 6/6
   580 | D        | Killed an air elemental
   580 | D        | Reached XP level 7. HP: 41/50 MP: 7/7
   597 | D        | Entered arena 6.
   597 | D        | Found a transporter.
   603 | D        | Reached ****** piety under Cheibriados
   663 | D        | Entered arena 7.
   664 | D        | Found a transporter.
   681 | D        | Identified Hiazothru's Almanac of Evil Rituals (You found it in the Dungeon)
   696 | D        | Entered arena 8.
   696 | D        | Noticed a six-headed hydra
   696 | D        | Noticed a yak
   696 | D        | Noticed a komodo dragon
   697 | D        | Found a transporter.
   700 | D        | HP: 2/52 [yak (9)]
   705 | D        | HP: 2/52 [six-headed hydra (1)]
   706 | D        | Slain by a crocodile

Skill      XL: |  1  2  3  4  5  6  7 |
---------------+----------------------+-----
Fighting       | 5 6 7 8 9 |  9.6
Maces & Flails | 5 7 8 |  8.9
Armour         | 4 7 8 9 |  9.0
Dodging        | 4 6 7 |  7.4
Stealth        | |  2.1

Action                   |  1- 3 |  4- 6 |  7- 9 || total
-------------------------+-------+-------+-------++-------
Melee: Great mace        |     4 |    20 |    13 ||    37
Invok: Bend Time         |       |       |     1 ||     1
  Use: Potion            |       |       |     2 ||     2
Armor: Gold dragon scale |     3 |    42 |    51 ||    96
Dodge: Dodged            |     2 |    29 |    41 ||    72
